Description

2018 GSL Season 2 Ro8 Match 1: Maru (T) vs Rogue (Z) Set 1

VOD

https://www.youtube.com/watch?v=0xX7JBkBe4E&t=148s

Build Order

Get SALT Encoding   

  14  0:17  Supply Depot  
  16  0:40  Barracks  
  16  0:44  Refinery  
  19  1:27  Orbital Command, Reaper  
  20  1:41  Command Center  
  21  1:56  Barracks  
  21  2:00  Barracks Reactor  
  22  2:10  Supply Depot  
  22  2:13  Refinery  
  23  2:28  Factory  
  24  2:39  Marine x2  
  27  2:49  Barracks Tech Lab  
  27  2:54  Orbital Command  
  29  2:58  Marine x2  
  30  3:08  Stimpack  
  31  3:14  Marine  
  32  3:20  Starport  
  34  3:25  Factory Reactor  
  34  3:30  Marine x6  constant marine production
  39  3:42  Supply Depot  
  49  4:08  Medivac x2  
  54  4:28  Engineering Bay x2  
  54  4:38  Barracks, Factory Tech Lab  
  61  4:55  Refinery x2  
  61  4:57  Terran Infantry Weapons Level 1, Terran Infantry Armor Level 1  
  61  5:02  Supply Depot  
  68  5:08  Siege Tank  
  76  5:38  Supply Depot  
  77  5:40  Medivac  
  79  5:41  Siege Tank  
  86  5:53  Supply Depot  
  91  6:13  Siege Tank  
  94  6:20  Armory  
  94  6:28  Command Center  
  95  6:30  Starport Reactor  
  100  6:45  Siege Tank  6:39 - 48 SCV
  107  6:54  Supply Depot  
  110  7:34  Barracks x2  
Spawning Tool Build Advisor. Get it on Overwolf

Go to:

Details

  • Created by: dimatovs  
  • Published on: Jul 28, 2019
  • Modified on: Jul 28, 2019
  • Patch: 4.7.1
Show
View Real Time Build Order
Export as new Build Order

Comments (1)

On Aug. 8, 2019, 11:39 p.m., Protijay  said:

So a 2-1-1

Create an account to comment!